 Dungeon Crawl Stone Soup version 0.22-a0-469-gf26638a (webtiles) character file.

924 4thArraOfDagon the Cleaver (level 8, 0/70 HPs)
             Began as a Hill Orc Monk on June 13, 2018.
             Was an Elder of Cheibriados.
             Slain by a phantom (6 damage)
             ... on level 5 of the Dungeon.
             The game lasted 00:09:27 (1989 turns).

4thArraOfDagon the Cleaver (Hill Orc Monk)          Turns: 1989, Time: 00:09:28

Health: 0/70       AC:  3    Str: 24    XL:     8   Next: 10%
Magic:  20/20      EV: 15    Int: 22    God:    Cheibriados [****..]
Gold:   149        SH:  0    Dex: 23    Spells: 7/7 levels left

rFire    . . .     SeeInvis +   p - +0 morningstar
rCold    . . .     Gourm    .   (no shield)
rNeg     . . .     Faith    .   b - +0 robe
rPois    .         Spirit   .   (no helmet)
rElec    .         Reflect  .   (no cloak)
rCorr    .         Harm     .   i - +0 pair of gloves
MR       .....                  (no boots)
Stlth    ++........             (no amulet)
HPRegen  0.21/turn              l - ring of magical power
MPRegen  0.17/turn              j - ring of see invisible

@: flying, very slightly contaminated, invisible, very slow
A: no striking features
a: Bend Time, Temporal Distortion, Slouch, Renounce Religion


You were on level 5 of the Dungeon.
You worshipped Cheibriados.
Cheibriados was greatly pleased with you.
You were not hungry.

You visited 1 branch of the dungeon, and saw 5 of its levels.
You also visited: Ossuary.

You collected 149 gold pieces.

Inventory:

Hand Weapons
 a - a +0 hand axe
 o - a +0 hand axe of freezing
 p - a +0 morningstar (weapon)
Armour
 b - a +0 robe (worn)
 i - a +0 pair of gloves (worn)
Jewellery
 f - an uncursed ring of flight
 j - a ring of see invisible (right hand)
 l - a ring of magical power (left hand)
Scrolls
 d - 2 scrolls of remove curse
 e - a scroll of teleportation
 m - a scroll of blinking {unknown}
 s - a scroll of enchant weapon {unknown}
 u - a scroll of acquirement {unknown}
 v - 2 scrolls of magic mapping
Potions
 g - a potion of degeneration {unknown}
 h - a potion of curing {unknown}
 k - 4 potions of flight
 n - a potion of haste {unknown}
 q - a potion of cancellation
 r - 2 potions of might
 t - a potion of brilliance
 w - a potion of invisibility
Comestibles
 c - 7 rations
 x - a chunk of flesh


   Skills:
 + Level 6.0 Fighting
 * Level 8.6 Axes
 + Level 4.1 Dodging
 - Level 1.5 Stealth
 + Level 4.7 Invocations


You had 7 spell levels left.
You didn't know any spells.
Your spell library was empty.

Dungeon Overview and Level Annotations

Branches:
Dungeon (5/15)             Temple (0/1) D:5

Altars:
Cheibriados
Fedhas

Annotations:
D:4 4thArraOfDagon's ghost, weakling HOFi


Message History

It was a potion of flight.
You feel very buoyant.
You fly up into the air.
It was a potion of invisibility.
You fade into invisibility!
You are very lightly contaminated with residual magic.
You puncture the phantom!
The phantom is almost destroyed.
The phantom hits you.
* * * LOW HITPOINT WARNING * * *
The phantom blinks!
Unknown command.
Unknown command.
The phantom misses you.
Unknown command.
You catch the helpless phantom completely off-guard!
You hit the phantom but do no damage.
The phantom is almost destroyed.
The phantom hits you.
You die...

...........#......#
.......#.#.....##.#
######...##.##.##.##
..####.........###+###
.. ...................
###..⌠...⌠..#.....
#.........#.....
......>W....[# .
..#......@..#...#
..#..⌠...⌠..#...#
$..............#
##.......!.#.###
##.##.##.##.# #.. ..
#.# . # ..# #.. .. ...
##


You could see a phantom.

Vanquished Creatures
  A wraith (Ossuary)
  An ogre (D:4)
  A big kobold (D:4)
  A bullfrog (D:4)
  2 elf skeletons (D:4)
  A scorpion (D:4)
  A hound (D:4)
  An orc priest (D:4)
  2 human skeletons (D:4)
  3 iguanas
  A killer bee zombie (D:5)
  A hound zombie (D:4)
  A mummy (Ossuary)
  A gnoll (D:1)
  2 adders
  2 shadow imps
  An ooze (D:3)
  An adder skeleton (D:4)
  2 worms
  A dart slug (D:4)
  3 leopard geckos
  13 orcs
  5 giant cockroaches
  6 goblins
  5 hobgoblins (D:1)
  3 jackals (D:2)
  7 kobolds
  7 bats
  8 frilled lizards
  8 gnoll skeletons (Ossuary)
  8 kobold skeletons (Ossuary)
  A leopard gecko skeleton (D:5)
  10 orc skeletons
  3 rats
114 creatures vanquished.

Notes
Turn   | Place    | Note
-------+----------+-------------------------------------------
     0 | D:1      | 4thArraOfDagon the Hill Orc Monk began the quest for the Orb.
     0 | D:1      | Reached XP level 1. HP: 19/19 MP: 1/1
    91 | D:2      | Reached XP level 2. HP: 24/27 MP: 2/2
   171 | D:2      | Found a snail-covered altar of Cheibriados.
   179 | D:2      | Became a worshipper of Cheibriados the Contemplative
   179 | D:2      | Reached * piety under Cheibriados
   179 | D:2      | Reached ** piety under Cheibriados
   246 | D:1      | Reached XP level 3. HP: 20/33 MP: 3/3
   274 | D:1      | Reached skill level 5 in Axes
   277 | D:1      | Reached skill level 1 in Invocations
   550 | D:2      | Reached *** piety under Cheibriados
   626 | D:3      | Reached XP level 4. HP: 37/40 MP: 4/4
   763 | D:3      | Found a blossoming altar of Fedhas.
   860 | D:4      | Noticed a hippogriff
   860 | D:4      | Noticed 4thArraOfDagon's ghost (weakling HOFi)
   875 | D:4      | Noticed an ogre
   881 | D:4      | Killed an ogre
   881 | D:4      | Reached skill level 6 in Axes
   881 | D:4      | Reached XP level 5. HP: 25/47 MP: 6/6
   913 | D:4      | Noticed a big kobold
   926 | D:4      | Killed a big kobold
   926 | D:4      | Reached XP level 6. HP: 24/55 MP: 8/8
  1004 | D:4      | Reached skill level 5 in Fighting
  1057 | D:4      | Reached **** piety under Cheibriados
  1078 | D:4      | Reached skill level 7 in Axes
  1120 | D:4      | Reached XP level 7. HP: 31/61 MP: 9/9
  1215 | D:4      | Found a sand-covered staircase.
  1238 | Ossuary  | Entered an ossuary
  1238 | Ossuary  | Noticed a wraith
  1238 | Ossuary  | Noticed a wraith
  1238 | Ossuary  | Noticed a wraith
  1481 | Ossuary  | Reached ***** piety under Cheibriados
  1504 | Ossuary  | Noticed a wraith
  1515 | Ossuary  | Killed a wraith
  1515 | Ossuary  | Reached skill level 8 in Axes
  1633 | D:4      | Reached XP level 8. HP: 17/70 MP: 11/11
  1854 | D:5      | Entered Level 5 of the Dungeon
  1953 | D:5      | Found a staircase to the Ecumenical Temple.
  1989 | D:5      | Slain by a phantom

Vault maps used:
D:1:      nicolae_arrival_washed_ashore
D:2:      lemuel_crystal_altar
D:3:      yredelemnul_altar_generic, fedhas_altar_2, uniq_ijyb
D:4:      led_sif_book, nicolae_ossuary_entry_catacombs
D:5:      minmay_temple_entry_large_hall, first_ration
Ossuary:  ossuary_due_mausoleum

Skill      XL: |  1  2  3  4  5  6  7  8 |
---------------+-------------------------+-----
Fighting       | 4 5 6 |  6.0
Axes           | 5 6 7 8 |  8.6
Invocations    | 1 2 3 4 |  4.7
Dodging        | 3 4 |  4.1
Stealth        | |  1.5

Action                   |  1- 3 |  4- 6 |  7- 9 || total
-------------------------+-------+-------+-------++-------
Melee: Hand axe          |    94 |    12 |   184 ||   290
       Morningstar       |       |   107 |    12 ||   119
Invok: Bend Time         |       |     1 |       ||     1
       Slouch            |       |       |     1 ||     1
  Use: Scroll            |       |     5 |     3 ||     8
       Potion            |       |     2 |     2 ||     4
 Stab: Sleeping          |     1 |     1 |     2 ||     4
       Invisible         |       |       |     1 ||     1
  Eat: Ration            |       |       |     1 ||     1
Armor: Robe              |    23 |    36 |    20 ||    79
Dodge: Dodged            |    83 |   101 |   115 ||   299

Table legend:
 A = Spawn XP
 B = Non-spawn XP
 C = Spawn XP percentage of total XP
 D = Spawn monster count
 E = Non-spawn monster count
 F = Spawn count percentage of total count
 G = Total turns spent on level
                    A         B        C        D         E        F      G
               +---------+---------+-------+---------+---------+-------+---------
         Total |       0 |    1321 |   0.0 |       0 |     114 |   0.0 |  1989
               +---------+---------+-------+---------+---------+-------+---------
           D:1 |       0 |      47 |   0.0 |       0 |      20 |   0.0 |   215
           D:2 |       0 |      32 |   0.0 |       0 |      18 |   0.0 |   399
           D:3 |       0 |      61 |   0.0 |       0 |      16 |   0.0 |   285
           D:4 |       0 |     825 |   0.0 |       0 |      28 |   0.0 |   638
           D:5 |       0 |      89 |   0.0 |       0 |       5 |   0.0 |   135
       Ossuary |       0 |     267 |   0.0 |       0 |      27 |   0.0 |   317
               +---------+---------+-------+---------+---------+-------+---------
